 Dungeon Crawl Stone Soup version 0.14.0-15-g6b16f67 (webtiles) character file.

182 KaKa the Agent of Entropy (level 5, -3/41 HPs)
             Began as a Formicid Abyssal Knight on Apr 17, 2014.
             Was a Priest of Lugonu.
             Slain by a hound (4 damage)
             ... on Level 4 of the Dungeon.
             The game lasted 00:09:29 (1922 turns).

KaKa the Agent of Entropy (Formicid Abyssal Knight) Turns: 1922, Time: 00:09:29

HP  -3/41        AC  3     Str 16      XL: 5   Next:  0%
MP  11/11        EV 10     Int 12      God: Lugonu [***...]
Gold 84          SH  0     Dex 11      Spells:  0 memorised,  4 levels left

rFire  . . .     SeeInvis +     a - +1 hand axe
rCold  . . .     Clarity  .     e - +0 leather armour (curse)
rNeg   . . .     Conserve .     (no shield)
rPois  .         rCorr    .     (helmet unavailable)
rElec  .         rRot     .     (no cloak)
SustAb . .       Spirit   .     (no gloves)
rMut   .         Warding  .     (no boots)
Saprov . . .     Stasis   +     (no amulet)
MR     .....                    (no ring)
                                j - ring of flight

@: not resistant to hostile enchantments, very unstealthy
A: permanent stasis, dig shafts and tunnels, four strong arms, antennae 3
a: Dig, Shaft Self, Depart the Abyss, Bend Space, Banish, Renounce Religion,
Evoke Flight


You were on level 4 of the Dungeon.
You worshipped Lugonu.
Lugonu was most pleased with you.
You were not hungry.

You visited 1 branch of the dungeon, and saw 4 of its levels.
You visited the Abyss 1 time.

You collected 84 gold pieces.

Inventory:

Hand weapons
 a - a +1,+1 hand axe (weapon)
Missiles
 g - 19 sling bullets
 l - 8 poisoned needles
Armour
 b - a +0 leather armour
 e - a cursed +0 leather armour (worn)
Comestibles
 c - 2 bread rations
 k - 2 apples
 n - a pear
 r - a rotting chunk of quokka flesh
Scrolls
 d - 4 scrolls of identify {unknown}
 f - a scroll of enchant weapon I {unknown}
 h - a scroll of teleportation {unknown}
 q - a scroll of blinking {unknown}
 s - a scroll of fear {unknown}
 t - a scroll of noise {unknown}
Jewellery
 j - a ring of flight (left hand)
Potions
 m - a potion of cure mutation {unknown}
 o - a potion of mutation {unknown}


   Skills:
 - Level 3.2 Fighting
 + Level 3.8 Axes
 - Level 2.1 Armour
 - Level 0.8 Dodging
 + Level 3.9 Invocations


You had 4 spell levels left.
You didn't know any spells.

Dungeon Overview and Level Annotations

Branches:
Dungeon (4/15)
 Temple: D:4-7

Altars:
Ashenzari
Fedhas

Annotations:
D:3 Grinder


Innate Abilities, Weirdness & Mutations

Your are under a permanent stasis effect.
You can dig through walls and to a lower floor.
Your four strong arms can wield two-handed weapons with a shield.
You have a pair of large antennae on your head (SInv).


Message History

You closely miss the hound.
The hound is moderately wounded.
The hound bites you but does no damage. The hound bites you.
* * * LOW HITPOINT WARNING * * *
You hit the hound.
The hound is severely wounded.
The hound barely misses you. x2
You closely miss the hound.
The hound is severely wounded.
The hound bites you.
* * * LOW HITPOINT WARNING * * *
You hit the hound but do no damage.
The hound is severely wounded.
The hound bites you.
* * * LOW HITPOINT WARNING * * *
The hound bites you but does no damage.
You hit the hound.
The hound is almost dead.
The hound bites you.
You die...

...#######
.#......@#
........h#
.#......)).......
........#......
#.#######...... .
((... ##.# ?


You could see a hound.

Vanquished Creatures
  An orc wizard (D:4)
  2 adders (D:2)
  A worm (D:2)
  A giant gecko (D:4)
  6 orcs
  6 bats
  4 hobgoblins
  A ball python (D:2)
  2 giant cockroaches (D:2)
  2 giant newts (D:2)
  7 goblins
  7 kobolds
  2 quokkas (D:3)
  2 rats (D:1)
  A ballistomycete (D:3)
45 creatures vanquished.

Vanquished Creatures (others)
  A giant spore (D:3)
1 creature vanquished.

Grand Total: 46 creatures vanquished

Notes
Turn   | Place    | Note
--------------------------------------------------------------
     0 | Abyss:1  | KaKa, the Formicid Abyssal Knight, began the quest for the Orb.
     0 | Abyss:1  | Reached XP level 1. HP: 18/18 MP: 1/1
     0 | Abyss:1  | Found a corrupted altar of Lugonu.
    14 | Abyss:1  | Found a corrupted altar of Lugonu.
    42 | D:1      | Escaped the Abyss
   341 | D:1      | Reached XP level 2. HP: 22/24 MP: 3/3
   713 | D:1      | Acquired Lugonu's second power
   947 | D:2      | Reached XP level 3. HP: 27/29 MP: 5/5
   966 | D:2      | Found a shattered altar of Ashenzari.
  1365 | D:2      | Found a blossoming altar of Fedhas.
  1379 | D:2      | Reached XP level 4. HP: 35/35 MP: 7/7
  1757 | D:3      | Noticed Grinder
  1888 | D:4      | Acquired Lugonu's third power
  1908 | D:4      | Reached XP level 5. HP: 7/41 MP: 11/11
  1916 | D:4      | HP: 2/41 [hound (2)]
  1921 | D:4      | HP: 1/41 [hound (5)]
  1922 | D:4      | Slain by a hound

Action                   |  1- 3 |  4- 6 || total
-------------------------+-------+-------++-------
Melee: Hand axe          |    78 |    80 ||   158
Throw: Large rock        |     9 |     8 ||    17
  Use: Potion            |       |     2 ||     2
